 Dungeon Crawl Stone Soup version 0.29.1 (webtiles) character file.

Game seed: 752232476319978234

165 Marcotte the Grave Robber (level 5, -1/38 HPs)
             Began as a Hill Orc Necromancer on Sept 12, 2022.
             Slain by a gnoll
             ... wielding a +0 whip
             ... led by a gnoll bouda
              (6 damage)
             ... on level 4 of the Dungeon.
             The game lasted 00:16:53 (3754 turns).

Marcotte the Grave Robber (Hill Orc Necromancer)    Turns: 3754, Time: 00:16:53

Health: -1/38      AC:  2    Str: 11    XL:     5   Next: 46%
Magic:  9/9        EV: 12    Int: 17    God:
Gold:   127        SH:  0    Dex: 11    Spells: 4/10 levels left

rFire   . . .      SeeInvis .   o - staff of death
rCold   . . .      Faith    .   (no shield)
rNeg    + . .      Spirit   .   a - +0 robe
rPois   .          Reflect  .   (no helmet)
rElec   .          Harm     .   (no cloak)
rCorr   .          Rampage  .   (no gloves)
Will    .....                   (no boots)
Stlth   +.........              (no amulet)
HPRegen 0.12/turn               (no ring)
MPRegen 0.11/turn               (no ring)

@: confused, ambrosia-drunk, weakened, flying
A: no striking features
a: no special abilities


You were on level 4 of the Dungeon.
You visited 1 branch of the dungeon, and saw 4 of its levels.

You collected 127 gold pieces.

Inventory:

Hand Weapons
 n - a +0 short sword
Armour
 a - a +0 robe (worn)
 d - a +0 helmet
Magical Staves
 o - a staff of death (weapon)
Scrolls
 e - a scroll of enchant armour {unknown}
 f - a scroll of magic mapping {unknown}
 g - 8 scrolls of identify {unknown}
 i - 2 scrolls of poison {unknown}
 k - 5 scrolls of teleportation {unknown}
 m - 2 scrolls of fear {unknown}
 t - a scroll of amnesia {unknown}
Potions
 b - a potion of magic
 h - a potion of flight
 j - 3 potions of curing {unknown}
 l - 3 potions of cancellation {unknown}
 p - a potion of brilliance {unknown}
 q - 3 potions of attraction {unknown}
 r - a potion of degeneration {unknown}
 s - a potion of lignification {unknown}
 u - a potion of heal wounds {unknown}


   Skills:
 - Level 0.1 Fighting
 - Level 2.1 Dodging
 - Level 1.8 Stealth
 + Level 3.0 Spellcasting
 + Level 5.1 Necromancy


You had 4 spell levels left.
You knew the following spells:

 Your Spells              Type           Power      Damage    Failure   Level
a - Necrotise             Necr           100%       1d9       1%          1
b - Vampiric Draining     Necr           30%        2d8       6%          3
c - Passwall              Tmut/Erth      1%         N/A       26%         2

Your spell library contained the following spells:

 Spells                   Type           Power      Damage    Failure   Level
 Sandblast                Erth           4%         2d4       17%         1
 Animate Dead             Necr           30%        N/A       21%         4
 Gell's Gravitas          Tloc           2%         N/A       45%         3
 Lesser Beckoning         Tloc           2%         N/A       45%         3
 Ozocubu's Armour         Ice            2%         N/A       45%         3
 Stone Arrow              Conj/Erth      4%         3d7       45%         3
 Teleport Other           Tloc           2%         N/A       45%         3
 Agony                    Necr           30%        N/A       50%         5
 Ozocubu's Refrigeration  Ice            1%         4d7       100%        7


Dungeon Overview and Level Annotations

Branches:
Dungeon (4/15)
 Temple: D:4-7

Altars:

Shops:
D:2 =


Message History

The gnoll hits you with a +0 spear.
You hit the gnoll.
The gnoll writhes in agony.
The gnoll is severely wounded.
The gnoll is no longer moving quickly.
The gnoll closely misses you. The gnoll hits you with a +0 whip.
You closely miss the gnoll bouda.
The gnoll bouda is heavily wounded.
The gnoll closely misses you. The gnoll hits you but does no damage.
The gnoll hits you with a +0 whip.
* * * LOW HITPOINT WARNING * * *
The gnoll bouda barks out a call to the hunt!
The gnoll picks up the pace!
Unknown command.
You're too confused to cast spells.
Sorry, you're not good enough to have a special ability.
Sorry, you're not good enough to have a special ability.
You are too confused!
Unknown command.
You completely miss the gnoll.
The gnoll is severely wounded.
The gnoll closely misses you. The gnoll hits you but does no damage.
The gnoll hits you with a +0 whip. The gnoll bouda closely misses you.
The gnoll closely misses you. The gnoll barely misses you. x2
You bump into the rock wall.
The gnoll is no longer moving quickly.
The gnoll bouda calls upon its god to heal the gnoll.
The gnoll is healed somewhat.
The gnoll barely misses you. The gnoll hits you with a +0 whip!
* * * LOW HITPOINT WARNING * * *
The gnoll hits you with a +0 whip.
* * * LOW HITPOINT WARNING * * *
You hit the gnoll.
The gnoll is almost dead.
The gnoll bouda gazes fiercely through you!
You feel your attacks grow feeble.
The gnoll bouda hits you with a +0 whip.
* * * LOW HITPOINT WARNING * * *
The gnoll hits you with a +0 spear.
* * * LOW HITPOINT WARNING * * *
The gnoll hits you with a +0 whip.
You die...

#...........#...................
##.##..##.#.....................
###.##..##.#########'########....
............# #.... #....
............# #..... #....
............# #.....
###.#..########## ##...##
#####.....#..g## #.....#..g@#
#.....#..gg# #.....'....#
#.....#....# #.....#....#
#....g#....# #.....######
......### #.......#


You could see a gnoll bouda and 3 gnolls.

Vanquished Creatures
  A hound (D:3)
  An iguana (D:3)
  Terence (D:2)
  3 adders
  A worm (D:3)
  A dart slug (D:3)
  2 orcs (D:3)
  5 bats
  2 endoplasms (D:3)
  A giant cockroach (D:2)
  5 goblins
  7 hobgoblins
  3 quokkas
  2 ball pythons (D:3)
  A frilled lizard (D:1)
  9 kobolds
  4 rats
49 creatures vanquished.

Vanquished Creatures (collateral kills)
  A ball python (D:2)
  2 rats
3 creatures vanquished.

Grand Total: 52 creatures vanquished

Notes
Turn   | Place    | Note
-------+----------+-------------------------------------------
     0 | D:1      | Marcotte the Hill Orc Necromancer began the quest for the
                  | Orb.
     0 | D:1      | Reached XP level 1. HP: 14/14 MP: 3/3
    48 | D:1      | You fall into a shaft and drop 1 floor!
   397 | D:1      | Reached XP level 2. HP: 20/20 MP: 1/4
  1428 | D:2      | Reached XP level 3. HP: 24/26 MP: 1/6
  1579 | D:2      | Learned a level 3 spell: Vampiric Draining
  1655 | D:2      | Found Richaviefi's Jewellery Shop.
  1681 | D:2      | Noticed Terence
  1690 | D:2      | Killed Terence
  1691 | D:2      | Reached XP level 4. HP: 28/33 MP: 0/7
  1845 | D:2      | Found a faded altar of an unknown god.
  2290 | D:3      | Reached skill level 5 in Necromancy
  2290 | D:3      | Reached XP level 5. HP: 35/38 MP: 0/8
  3632 | D:4      | Learned a level 2 spell: Passwall
  3754 | D:4      | Slain by a gnoll

Illustrated notes

Levels and vault maps discovered:
D:1:      scummos_arrival_gate, layout_basic, minmay_pentomino_t4
D:2:      layout_basic, hellmonk_ecumenical_altar_run_dry, serial_shops,
          nicolae_square_shop, uniq_terence
D:3:      layout_rooms, lemuel_flame_loot_1
D:4:      layout_gridville, minitemple, kennysheep_mini_moat,
          portal_sewer_entry_f, nicolae_shop_overcharged_wands

Skill      XL: |  1  2  3  4  5 |
---------------+----------------+-----
Spellcasting   | 2 3 |  3.0
Dodging        | 2 |  2.1
Necromancy     | 5 |  5.1
Fighting       | |  0.1
Stealth        | |  1.8

Action                   |  1- 3 |  4- 6 || total
-------------------------+-------+-------++-------
Melee: Unarmed           |     3 |       ||     3
       Staff             |     1 |    14 ||    15
 Cast: Necrotise         |    44 |    53 ||    97
       Vampiric Draining |     1 |     1 ||     2
       Passwall          |       |     3 ||     3
  Use: Potion            |       |     2 ||     2
Armor: Robe              |     9 |     4 ||    13
Dodge: Dodged            |    33 |    36 ||    69
